 Dungeon Crawl Stone Soup version 0.26-a0-651-gb41185065b (webtiles) character file.

Game seed: 3477992822586993107

10464 Irenicus the Geomancer (level 11, -1/81 HPs)
             Began as a Deep Dwarf Earth Elementalist on Oct 23, 2020.
             Was a Priest of Makhleb.
             Slain by a seven-headed hydra (9 damage)
             ... on level 11 of the Dungeon.
             The game lasted 00:37:52 (4438 turns).

Irenicus the Geomancer (DDEE)                       Turns: 4438, Time: 00:37:53

Health: -1/81      AC: 17    Str: 11    XL:     11   Next: 36%
Magic:  19/26      EV: 11    Int: 23    God:    Makhleb [***...]
Gold:   666        SH:  0    Dex: 13    Spells: 22/33 levels left

rFire    . . .     SeeInvis .   I - +4 mace "Diczeg" {flame, rPois Int+3}
rCold    . . .     Faith    .   (no shield)
rNeg     . . .     Spirit   .   i - +3 ring mail {rPois}
rPois    +         Reflect  .   D - +2 helmet
rElec    .         Harm     .   (no cloak)
rCorr    .         Rampage  .   e - +1 pair of gloves
MR       ++...                  (no boots)
Stlth    +.........             p - amulet of magic regeneration
HPRegen  0.00/turn              f - +4 ring of protection
MPRegen  0.45/turn              F - ring of protection from magic {MR+, !d}

@: non-regenerating
A: damage resistance, heal wounds, sense surroundings 2, no regeneration
a: Heal Wounds, Minor Destruction, Lesser Servant of Makhleb, Renounce Religion


You were on level 11 of the Dungeon.
You worshipped Makhleb.
Makhleb was most pleased with you.
You visited 2 branches of the dungeon, and saw 12 of its levels.

You collected 666 gold pieces.

Inventory:

Hand Weapons
 d - the +0 hand axe of the Hidden Vale {drain, rC+ Dex+6}
   (You found it on level 4 of the Dungeon)

   A truly terrible weapon, it drains the life of those it strikes.
   It affects your dexterity (+6).
   It protects you from cold.
 r - a +2 dagger of flaming
   (You took it off an orc wizard on level 3 of the Dungeon)
 H - the +6 mace "Xaostown" {freeze, rF++ rC+ Str-3 Dex+2}
   (You found it on level 9 of the Dungeon)

   It has been specially enchanted to freeze those struck by it, causing extra
   injury to most foes and up to half again as much damage against particularly
   susceptible opponents.
   It can also slow down cold-blooded creatures.
   It affects your strength (-3).
   It affects your dexterity (+2).
   It greatly protects you from fire.
   It protects you from cold.
 I - the +4 mace "Diczeg" (weapon) {flame, rPois Int+3}
   (You found it on level 11 of the Dungeon)

   It has been specially enchanted to burn those struck by it, causing extra
   injury to most foes and up to half again as much damage against particularly
   susceptible opponents.
   It affects your intelligence (+3).
   It protects you from poison.
 K - the +1 trident of the Lurker {freeze, rC+ Str+3 Int-3 SInv}
   (You found it on level 9 of the Dungeon)

   It has been specially enchanted to freeze those struck by it, causing extra
   injury to most foes and up to half again as much damage against particularly
   susceptible opponents.
   It can also slow down cold-blooded creatures.
   It affects your strength (+3).
   It affects your intelligence (-3).
   It protects you from cold.
   It lets you see invisible.
Missiles
 a - 7 atropa-tipped darts
 b - 52 stones (quivered)
 n - 8 silver javelins
Armour
 e - a +1 pair of gloves (worn)
   (You found it on level 3 of the Dungeon)
 i - a +3 ring mail of poison resistance (worn)
   (You found it on level 2 of the Dungeon)
 D - a +2 helmet (worn)
   (You found it on level 7 of the Dungeon)
 G - +0 acid dragon scales
   (You took it off Maggie on level 8 of the Dungeon)
Magical Staves
 o - a cursed staff of poison {rPois}
   (You found it on level 9 of the Dungeon)
Jewellery
 f - a +4 ring of protection (left hand)
   (You found it on level 1 of the Dungeon)
 p - an amulet of magic regeneration (around neck)
   (You found it on level 1 of the Dungeon)
 u - an uncursed ring of stealth {Stlth+}
   (You found it on level 4 of the Dungeon)
 E - an uncursed amulet of guardian spirit {unknown}
   (You found it on level 8 of the Dungeon)
 F - a ring of protection from magic (right hand) {MR+, !d}
   (You found it on level 8 of the Dungeon)
Wands
 y - a wand of disintegration (5)
   (You found it on level 5 of the Dungeon)
 z - a wand of acid (17)
   (You found it on level 6 of the Dungeon)
 J - a wand of digging (8)
   (You found it on level 9 of the Dungeon)
 M - a wand of random effects (15)
   (You found it on level 11 of the Dungeon)
 N - a wand of enslavement (8)
   (You found it on level 11 of the Dungeon)
Scrolls
 k - 2 scrolls of enchant armour
 l - 2 scrolls of noise {unknown}
 q - 2 scrolls of teleportation
 t - 3 scrolls of immolation {!r}
 v - 2 scrolls of fog {unknown}
 w - a scroll of random uselessness {unknown}
 A - a scroll of fear {unknown}
 B - a scroll of enchant weapon {unknown}
 C - 3 scrolls of magic mapping {!r}
 L - a scroll of blinking {unknown}
 O - a scroll of remove curse
Potions
 c - 6 potions of curing
 g - 2 potions of lignification {!q}
 h - 2 potions of might
 j - a potion of cancellation
 m - 2 potions of flight
 s - a potion of haste
 x - 2 potions of mutation {!q}


   Skills:
 - Level 2.1 Dodging
 - Level 2.4 Stealth
 + Level 11.6 Spellcasting
 - Level 0.8 Transmutations
 - Level 13.3 Earth Magic
 - Level 7.3 Evocations


You had 22 spell levels left.
You knew the following spells:

 Your Spells              Type           Power        Failure   Level
a - Sandblast             Erth           ######       1%          1
w - Passwall              Tmut/Erth      #####...     1%          2
x - Stone Arrow           Conj/Erth      #####.       2%          3
z - Lee's Rapid Deconstr  Erth           ######....   1%          5

Your spell library contained the following spells:

 Spells                   Type           Power        Failure   Level
 Petrify                  Tmut/Erth      #####...     6%          4
 Animate Skeleton         Necr           ##....       12%         1
 Magic Dart               Conj           ##..         12%         1
 Pain                     Necr           ##..         12%         1
 Poisonous Vapours        Pois/Air       ##....       19%         2
 Searing Ray              Conj           ##....       19%         2
 Conjure Flame            Conj/Fire      ##......     34%         3
 Dazzling Flash           Conj/Hex       ##....       34%         3
 Mephitic Cloud           Conj/Pois/Air  ##......     34%         3
 Vampiric Draining        Necr           ##........   34%         3
 Animate Dead             Necr           ##........   75%         4
 Cause Fear               Hex            ##........   75%         4
 Fulminant Prism          Conj/Hex       ##........   75%         4
 Iskenderun's Mystic Bla  Conj/Tloc      ##......     75%         4
 Yara's Violent Unravell  Hex/Tmut       ###.......   95%         5
 Agony                    Necr           ##......     97%         5
 Silence                  Hex/Air        ##........   97%         5
 Freezing Cloud           Conj/Ice/Air   ##........   100%        6
 Discord                  Hex            ##........   100%        8


Dungeon Overview and Level Annotations

Branches:
Dungeon (11/15)            Temple (1/1) D:7             Orc (0/2) D:9
   Lair: D:8-11

Altars:
Ashenzari
Cheibriados
Dithmenos
Elyvilon
Fedhas
Hepliaklqana
Kikubaaqudgha
Makhleb
Okawaru
Qazlal
Sif Muna
Trog
Uskayaw
Vehumet
Wu Jian
Yredelemnul
Zin
The Shining One

Shops:
D:5 *   D:9 [(

Annotations:
D:6 2 runed translucent doors, vurker's ghost, novice GnEn


Innate Abilities, Weirdness & Mutations

You are resistant to damage.
You can heal yourself by infusing magical energy.
You passively map the area around you.
You do not regenerate.


Message History

You finish merging with the rock.
Found 10 gold pieces.
Found a stone staircase leading down.
A hydra and a centaur warrior come into view.
You now have 25/26 mp.
The centaur warrior shouts!
The seven-headed hydra roars!
The centaur warrior hits you but does no damage.
You see here 10 gold pieces.
MP restored: 26
Casting: Passwall (safe; 1% risk of failure)
Confirm with . or Enter, or press ? or * to list all spells.
Aiming: Stone Arrow (mildly dangerous; 2% risk of failure)
Press: ? - help, Shift-Dir - straight line, f - centaur warrior
Aim: a centaur warrior, quivering 22 arrows The stone arrow hits the centaur warrior!!
The centaur warrior is moderately wounded.
The centaur warrior hits you but does no damage.
The centaur warrior barely misses you.
You now have 23/26 mp.
Casting: Stone Arrow (mildly dangerous; 2% risk of failure)
Confirm with . or Enter, or press ? or * to list all spells.
Aiming: Stone Arrow (mildly dangerous; 2% risk of failure)
Press: ? - help, Shift-Dir - straight line, f/p - centaur warrior
Aim: a centaur warrior, quivering 22 arrows (moderately wounded)
The stone arrow hits the centaur warrior!
The centaur warrior is heavily wounded.
The centaur warrior hits you.
You take 4 damage, and have 77/81 hp.
You now have 21/26 mp.
Casting: Stone Arrow (mildly dangerous; 2% risk of failure)
Confirm with . or Enter, or press ? or * to list all spells.
Aiming: Stone Arrow (mildly dangerous; 2% risk of failure)
Press: ? - help, Shift-Dir - straight line, f/p - centaur warrior
Aim: a centaur warrior, quivering 22 arrows (heavily wounded)
The stone arrow hits the centaur warrior!
The centaur warrior is severely wounded.
The centaur warrior hits you but does no damage.
The centaur warrior hits you.
You take 4 damage, and have 73/81 hp.
You now have 18/26 mp.
Casting: Stone Arrow (mildly dangerous; 2% risk of failure)
Confirm with . or Enter, or press ? or * to list all spells.
Aiming: Sandblast (safe; 1% risk of failure)
Press: ? - help, Shift-Dir - straight line, f/p - centaur warrior
Aim: a centaur warrior, quivering 22 arrows (severely wounded)
The blast of sand hits the centaur warrior.
The centaur warrior is severely wounded.
b - 53 stones The centaur warrior hits you!
The seven-headed hydra bites you!
The seven-headed hydra bites you but does no damage.
The seven-headed hydra closely misses you.
The seven-headed hydra bites you!
The seven-headed hydra bites you but does no damage.
The seven-headed hydra bites you. x2
You take 24 damage, and have 49/81 hp.
MASSIVE DAMAGE!!
Casting: Sandblast (safe; 1% risk of failure)
Confirm with . or Enter, or press ? or * to list all spells.
Aiming: Sandblast (safe; 1% risk of failure)
Press: ? - help, Shift-Dir - straight line, f/p - centaur warrior
Aim: a centaur warrior, quivering 22 arrows (severely wounded)
The blast of sand hits the centaur warrior!
The centaur warrior is almost dead.
b - 52 stones The centaur warrior barely misses you.
The centaur warrior hits you! The seven-headed hydra bites you!
The seven-headed hydra bites you.
The seven-headed hydra barely misses you.
The seven-headed hydra bites you but does no damage.
The seven-headed hydra bites you!
The seven-headed hydra bites you but does no damage.
The seven-headed hydra bites you!
* * * LOW HITPOINT WARNING * * *
You take 32 damage, and have 17/81 hp.
MASSIVE DAMAGE!!
You now have 17/26 mp.
Evoke which item? (* to show all) (? for menu, Esc to quit)
Press: ? - help, Shift-Dir - straight line, f/p - centaur warrior
Aim: a centaur warrior, quivering 22 arrows (almost dead, chance to defeat MR: 50%)
The centaur warrior is charmed.
The seven-headed hydra barely misses you. x2
The seven-headed hydra bites you!
* * * LOW HITPOINT WARNING * * *
The seven-headed hydra closely misses you.
The seven-headed hydra bites you.
* * * LOW HITPOINT WARNING * * *
The seven-headed hydra bites you.
* * * LOW HITPOINT WARNING * * *
The seven-headed hydra bites you.
You take 9 damage, and have 8/81 hp.
The seven-headed hydra bites your centaur warrior! x2
Your centaur warrior dies!
Evoke which item? (* to show all) (? for menu, Esc to quit)
Aiming: Disintegrate
Press: ? - help, Shift-Dir - straight line, f - seven-headed hydra
Aim: a seven-headed hydra (chance to defeat MR: 59%)
The seven-headed hydra is blasted!!
Evoke which item? (* to show all) (? for menu, Esc to quit)
Aiming: Disintegrate
Press: ? - help, Shift-Dir - straight line, f/p - seven-headed hydra
Aim: a seven-headed hydra (moderately wounded, chance to defeat MR: 59%)
The seven-headed hydra is blasted!!
The seven-headed hydra bites you but does no damage. x2
The seven-headed hydra closely misses you.
The seven-headed hydra bites you but does no damage.
The seven-headed hydra bites you!
You die...

........#
#..........####
, ........#
#..........# ,,
#########
###'########
#..# * ,
##.######### *
#.........#
#########+##
#..$......# ,
#.@D......# ,,
#.........# ,,
#.........# ,<
#......>..# ,
#.........#* *
, #.........# ,
,, #.........+
* , #.........
* * * *


You could see a seven-headed hydra.

Vanquished Creatures
  Fannar (D:10)
  A two-headed ogre (D:9)
  An unseen horror (D:11)
  An ugly thing (D:11)
  A cyclops (D:11)
  Maggie (D:8)
  A troll (D:8)
  Prince Ribbit (D:5)
  2 hippogriffs (D:11)
  A wyvern (D:11)
  5 yaks (D:9)
  A steam dragon (D:11)
  Menkaure (D:5)
  Edmund (D:5)
  2 water moccasins
  5 ice beasts
  4 orc warriors
  A phantom (D:4)
  5 sky beasts
  2 black bears
  A necrophage (D:5)
  2 eyes of draining
  6 ogres
  A centaur (D:6)
  2 big kobolds (D:8)
  7 bullfrogs
  4 scorpions
  4 howler monkeys
  2 centaur zombies
  4 jellies
  2 hounds (D:8)
  10 orc wizards
  2 orc priests
  3 bullfrog skeletons
  A gnoll shaman (D:8)
  Natasha (twice) (D:4)
  13 worker ants
  A hound zombie (D:6)
  A hound skeleton (D:4)
  A howler monkey zombie (D:10)
  2 worker ant zombies
  3 gnolls (D:8)
  8 adders
  2 shadow imps
  2 white imps
  2 oozes (D:1)
  2 adder zombies
  2 adder skeletons
  4 worms
  2 dart slugs (D:2)
  3 leopard geckos
  51 orcs
  2 ball pythons (D:2)
  8 giant cockroaches
  4 goblins
  8 hobgoblins
  15 jackals
  16 kobolds
  4 quokkas
  9 bats
  5 frilled lizards
  A leopard gecko skeleton (D:7)
  11 rats
273 creatures vanquished.

Vanquished Creatures (others)
  A centaur warrior (D:11)
  8 fungi
  9 plants
18 creatures vanquished.

Grand Total: 291 creatures vanquished

Notes
Turn   | Place    | Note
-------+----------+-------------------------------------------
     0 | D:1      | Irenicus the Deep Dwarf Earth Elementalist began the quest
                  | for the Orb.
     0 | D:1      | Reached XP level 1. HP: 15/15 MP: 3/3
   168 | D:2      | Reached XP level 2. HP: 22/22 MP: 2/4
   234 | D:2      | Reached skill level 5 in Earth Magic
   440 | D:1      | Reached XP level 3. HP: 22/28 MP: 1/5
   528 | D:1      | Learned a level 2 spell: Passwall
   578 | D:1      | magic rege at 577
   608 | D:1      | Reached skill level 6 in Earth Magic
   682 | D:2      | Found a blossoming altar of Fedhas.
   807 | D:2      | Reached XP level 4. HP: 29/36 MP: 0/6
   981 | D:3      | Found a stormy altar of Qazlal.
  1028 | D:3      | Reached skill level 7 in Earth Magic
  1165 | D:2      | Reached XP level 5. HP: 13/42 MP: 4/7
  1402 | D:3      | Found an ancient bone altar of Kikubaaqudgha.
  1403 | D:3      | Found a shimmering blue altar of Sif Muna.
  1529 | D:4      | Found a snail-covered altar of Cheibriados.
  1544 | D:4      | Noticed a phantom
  1556 | D:4      | Killed a phantom
  1556 | D:4      | Reached skill level 8 in Earth Magic
  1604 | D:4      | Noticed Natasha
  1608 | D:4      | Killed Natasha
  1608 | D:4      | Reached skill level 9 in Earth Magic
  1608 | D:4      | Reached XP level 6. HP: 42/49 MP: 5/8
  1717 | D:4      | Found an iron altar of Okawaru.
  1731 | D:4      | Got an ichor-stained hand axe
  1734 | D:4      | Identified the cursed +0 hand axe of the Hidden Vale
                  | {drain, rC+ Dex+6} (You found it on level 4 of the Dungeon)
  1764 | D:4      | Noticed Natasha
  1806 | D:4      | Killed Natasha
  1806 | D:4      | Reached skill level 10 in Earth Magic
  1859 | D:5      | Entered Level 5 of the Dungeon
  1876 | D:5      | Noticed Menkaure
  1895 | D:5      | Killed Menkaure
  1895 | D:5      | Reached XP level 7. HP: 37/55 MP: 4/9
  1896 | D:5      | Noticed Edmund
  1910 | D:5      | Killed Edmund
  1910 | D:5      | Reached skill level 11 in Earth Magic
  1971 | D:5      | Found Lamau's General Store.
  1996 | D:5      | Found a hide-covered altar of Uskayaw.
  2026 | D:5      | Learned a level 5 spell: Lee's Rapid Deconstruction
  2075 | D:5      | Noticed Prince Ribbit
  2080 | D:5      | Killed Prince Ribbit
  2080 | D:5      | Reached skill level 2 in Evocations
  2082 | D:5      | Reached skill level 12 in Earth Magic
  2082 | D:5      | Reached skill level 3 in Evocations
  2082 | D:5      | Reached XP level 8. HP: 39/62 MP: 6/10
  2161 | D:6      | Found a runed translucent door.
  2163 | D:6      | Noticed vurker's ghost (novice GnEn)
  2206 | D:6      | Found a runed translucent door.
  2209 | D:6      | Reached skill level 4 in Evocations
  2274 | D:6      | Found an ornate altar of the Wu Jian Council.
  2277 | D:6      | Reached skill level 5 in Evocations
  2308 | D:6      | Reached skill level 6 in Evocations
  2336 | D:6      | Reached skill level 13 in Earth Magic
  2371 | D:6      | Found a hazy altar of Hepliaklqana.
  2456 | D:6      | Reached skill level 7 in Evocations
  2548 | D:7      | Gained mutation: You passively map the area around you.
                  | [Deep Dwarf growth]
  2548 | D:7      | Reached XP level 9. HP: 19/68 MP: 1/11
  2574 | D:7      | Found a staircase to the Ecumenical Temple.
  2577 | D:7      | HP: 14/68 [water moccasin (5)]
  2578 | D:7      | Reached skill level 2 in Spellcasting
  2583 | Temple   | Entered the Ecumenical Temple
  2650 | Temple   | Became a worshipper of Makhleb the Destroyer
  2714 | D:7      | Learned a level 3 spell: Stone Arrow
  2735 | D:7      | Reached skill level 3 in Spellcasting
  2764 | D:7      | HP: 13/68 [ice beast (1)]
  2842 | D:7      | Reached skill level 4 in Spellcasting
  3022 | D:8      | Reached * piety under Makhleb
  3044 | D:8      | Reached skill level 5 in Spellcasting
  3127 | D:8      | Found a broken altar of Ashenzari.
  3174 | D:8      | Noticed Maggie
  3177 | D:8      | Killed Maggie
  3177 | D:8      | Reached skill level 6 in Spellcasting
  3209 | D:8      | Identified the cursed +1 robe of Eternity {-Cast rC+ SInv}
                  | (You found it on level 8 of the Dungeon)
  3271 | D:8      | Reached ** piety under Makhleb
  3488 | D:8      | Reached skill level 7 in Spellcasting
  3501 | D:8      | Noticed a troll
  3508 | D:8      | Killed a troll
  3508 | D:8      | Reached XP level 10. HP: 55/75 MP: 0/20
  3591 | D:9      | Found Peyck's Weapon Boutique.
  3591 | D:9      | Found a staircase to the Orcish Mines.
  3643 | D:9      | Got a polished mace
  3675 | D:9      | Found Agrag's Armour Boutique.
  3728 | D:9      | Reached skill level 8 in Spellcasting
  3749 | D:9      | Identified the +6 mace "Xaostown" {freeze, rF++ rC+ Str-3
                  | Dex+2} (You found it on level 9 of the Dungeon)
  3773 | D:9      | Got a translucent trident
  3774 | D:9      | Identified the cursed +1 trident of the Lurker {freeze, rC+
                  | Str+3 Int-3 SInv} (You found it on level 9 of the Dungeon)
  3783 | D:9      | Noticed a two-headed ogre
  3804 | D:9      | Killed a two-headed ogre
  3804 | D:9      | Reached skill level 9 in Spellcasting
  3921 | D:10     | Entered Level 10 of the Dungeon
  3963 | D:10     | Noticed Fannar
  3975 | D:10     | Killed Fannar
  3975 | D:10     | Reached skill level 10 in Spellcasting
  3978 | D:10     | Reached *** piety under Makhleb
  4117 | D:11     | Noticed an unseen horror
  4118 | D:11     | Reached XP level 11. HP: 81/81 MP: 4/25
  4126 | D:11     | Killed an unseen horror
  4147 | D:11     | Got a shimmering mace
  4148 | D:11     | Identified the +4 mace "Diczeg" {flame, rPois Int+3} (You
                  | found it on level 11 of the Dungeon)
  4247 | D:11     | Reached skill level 11 in Spellcasting
  4368 | D:11     | Noticed a brown ugly thing
  4378 | D:11     | Killed a brown ugly thing
  4429 | D:11     | Noticed a centaur warrior
  4429 | D:11     | Noticed a seven-headed hydra
  4434 | D:11     | HP: 17/81 [seven-headed hydra (11)]
  4435 | D:11     | HP: 8/81 [seven-headed hydra (1)]
  4438 | D:11     | Slain by a seven-headed hydra

Illustrated notes

#####.......(########## #....
#.....................# #..##
#.....####...#......... #..>#
#.....# #...#.#######. #..##
#..)..########.# ##....
#............#.# ,.......##
#............#.# , #........
#............#.###............
#...........g@............##.#
#.....######.#.....#.###..##.#
* #.#.###.# #...... #.#.#, # *
#...... #.... * .##.# ###.#
,*, *# #.# , , , .. , .. , * *
...


Turn 578 on D:1: magic rege at 577

Levels and vault maps discovered:
D:1:      onia_arrival_handbag, layout_basic
D:2:      minmay_angry_zag, layout_basic, fedhas_altar_3
D:3:      layout_basic, gammafunk_temple_overflow_pools, minivault_4,
          lemuel_altar_in_water, uniq_robin
D:4:      layout_basic, cheibriados_altar_1, okawaru_ov_weapons_minmay,
          uniq_natasha
D:5:      layout_basic, evilmike_ruin_ashenzari, eat_drink_and_be_merry_uskayaw,
          serial_shops, shop, uniq_ijyb, uniq_menkaure, uniq_edmund,
          uniq_prince_ribbit1
D:6:      layout_rooms, old_standard_altar, lemuel_round_altar,
          ebering_ghost_sewer_f
D:7:      layout_loops_ring, minmay_temple_entry_drinking_statues
D:8:      layout_loops_ring, special_room [special_room_orc], basic_altar,
          uniq_maggie
D:9:      layout_rooms, orc_david_3
D:10:     layout_layer_cave, uniq_fannar, uniq_joseph
D:11:     layout_roguey, grunt_lair_entry_orc_guard_hut
Temple:   nicolae_temple_figure_eight

Skill      XL: |  1  2  3  4  5  6  7  8  9 10 11 |
---------------+----------------------------------+-----
Earth Magic    | 5 6 7 9 10 12 13 | 13.3
Evocations     | 3 7 |  7.3
Spellcasting   | 7 10 11 | 11.6
Dodging        | |  2.1
Stealth        | |  2.4
Transmutations | |  0.8

Action                   |  1- 3 |  4- 6 |  7- 9 | 10-12 || total
-------------------------+-------+-------+-------+-------++-------
Melee: Unarmed           |     2 |       |       |       ||     2
       Dagger            |    18 |    10 |       |       ||    28
       Hand axe          |       |       |    12 |    13 ||    25
       Mace              |       |       |       |     2 ||     2
       Trident           |       |       |       |     1 ||     1
Throw: Dart              |     1 |       |       |       ||     1
 Cast: Sandblast         |    58 |    71 |   110 |    50 ||   289
       Passwall          |     2 |    27 |     4 |     2 ||    35
       Lee's Rapid Decon |       |       |    19 |    12 ||    31
       Stone Arrow       |       |       |    17 |    68 ||    85
Evoke: Wand              |       |       |     9 |    17 ||    26
  Use: Potion            |       |     3 |     1 |       ||     4
       Scroll            |       |    10 |     5 |     4 ||    19
 Stab: Sleeping          |     3 |       |     1 |       ||     4
Armor: Robe              |     1 |       |       |       ||     1
       Leather armour    |    11 |    16 |       |       ||    27
       Ring mail         |       |     1 |    33 |    52 ||    86
Dodge: Dodged            |    32 |    20 |    36 |    48 ||   136

Table legend: (Time is in decaauts)
 A = Elapsed time spent in this place.
 B = Non-inter-level travel time spent in this place.
 C = Inter-level travel time spent in this place.
 D = Time resting spent in this place.
 E = Time spent auto-exploring this place.
 F = Levels seen in this place.
 G = Mean time per level.
                   A        B        C        D        E       F      G
               +--------+--------+--------+--------+--------+-----+--------+
         Total |   4440 |   4429 |     11 |      0 |      0 |  12 |  370.0 |
       Dungeon |   4347 |   4336 |     11 |      0 |      0 |  11 |  395.2 |
        Temple |     92 |     92 |      0 |      0 |      0 |   1 |   92.0 |
               +--------+--------+--------+--------+--------+-----+--------+

Top non-repeatable levels by time:
     D:8: 580 daAuts
     D:2: 523 daAuts
     D:1: 502 daAuts
     D:3: 497 daAuts
     D:7: 399 daAuts
     D:6: 397 daAuts
     D:4: 333 daAuts
     D:9: 328 daAuts
    D:11: 291 daAuts
     D:5: 264 daAuts
    D:10: 227 daAuts
  Temple: 92 daAuts

Table legend:
 A = Kills in this place as a percentage of kills in entire the game.
 B = Kills by you in this place as a percentage of kills by you in the entire game.
 C = Kills by friends in this place as a percentage of kills by friends in the entire game.
 D = Other kills in this place as a percentage of other kills in the entire game.
 E = Experience gained in this place as a percentage of experience gained in the entire game.
 F = Experience gained in this place divided by the number of levels of this place that you have seen.
                   A       B       C       D       E      F
               +-------+-------+-------+-------+-------+----------------------
         Total | 100.0 | 100.0 |   N/A | 100.0 | 100.0 | 1245.8
       Dungeon | 100.0 | 100.0 |   N/A | 100.0 | 100.0 | 1359.0
               +-------+-------+-------+-------+-------+----------------------
